 Dungeon Crawl Stone Soup version 0.29-a0-721-g7f417c9bbb (webtiles) character file.

Game seed: 13889756884562645682

121 Mgcat the Trooper (level 5, 0/55 HPs)
             Began as an Ogre Fighter on June 27, 2022.
             Succumbed to a scorpion's poison
             ... on level 3 of the Dungeon.
             The game lasted 00:04:15 (3574 turns).

Mgcat the Trooper (Ogre Fighter)                    Turns: 3574, Time: 00:04:16

Health: 0/55       AC:  3    Str: 22    XL:     5   Next: 5%
Magic:  5/5        EV:  8    Int:  9    God:
Gold:   89         SH:  8    Dex:  8    Spells: 4/4 levels left

rFire   . . .      SeeInvis .   e - +3 whip (flame)
rCold   . . .      Faith    .   c - +1 kite shield
rNeg    . . .      Spirit   .   b - +0 robe
rPois   .          Reflect  .   (helmet restricted)
rElec   .          Harm     .   (no cloak)
rCorr   .          Rampage  .   (gloves unavailable)
Will    .....                   (boots unavailable)
Stlth   +.........              (no amulet)
HPRegen 0.18/turn               (no ring)
MPRegen 0.09/turn               (no ring)

@: lethally poisoned (0 -> -1)
A: large, unfitting armour, tough skin 1
a: no special abilities


You were on level 3 of the Dungeon.
You visited 1 branch of the dungeon, and saw 4 of its levels.

You collected 89 gold pieces.

Inventory:

Hand Weapons
 a - a +0 war axe
 e - a +3 whip of flaming (weapon)
   (You took it off a kobold on level 2 of the Dungeon)
Armour
 b - a +0 robe (worn)
 c - a +1 kite shield (worn)
Potions
 d - a potion of might
 g - a potion of mutation {unknown}
 i - a potion of curing {unknown}
 j - a potion of ambrosia {unknown}
 l - a potion of flight {unknown}
 m - a potion of attraction {unknown}


   Skills:
 + Level 4.9 Fighting
 * Level 3.5 Axes
 + Level 3.3 Dodging
 + Level 3.5 Shields


You had 4 spell levels left.
You didn't know any spells.
Your spell library contained the following spells:

 Spells                   Type           Power      Damage    Failure   Level
 Frozen Ramparts          Ice            0%         1d2       96%         3
 Hailstorm                Conj/Ice       0%         3d3       100%        4
 Ice Form                 Ice/Tmut       0%         N/A       100%        4
 Summon Ice Beast         Ice/Summ       0%         N/A       100%        4
 Simulacrum               Ice/Necr       0%         N/A       100%        6


Dungeon Overview and Level Annotations

Branches:
Dungeon (4/15)
 Temple: D:4-7

Altars:
Fedhas


Innate Abilities, Weirdness & Mutations

You are too large for most types of armour.
You have tough skin. (AC +1)


Message History

The kobold throws a stone.
You block the stone.
Spoiler Alert: The orc wizard might cast Slow, Confuse, Throw Flame, Throw Frost, or go Invisible!
Unknown command.
Spoiler Alert: The orc wizard might cast Slow, Confuse, Throw Flame, Throw Frost, or go Invisible!
Unknown command.
Spoiler Alert: The orc wizard might cast Slow, Confuse, Throw Flame, Throw Frost, or go Invisible!
Unknown command.
Spoiler Alert: The orc wizard might cast Slow, Confuse, Throw Flame, Throw Frost, or go Invisible!
A scorpion comes into view.
Found an escape hatch in the floor.
The scorpion barely misses you.
The endoplasm jiggles.
The scorpion attacks as you move away! The scorpion barely misses you.
Spoiler Alert: The orc wizard might cast Slow, Confuse, Throw Flame, Throw Frost, or go Invisible!
The scorpion stings you.
You are poisoned.
The scorpion poisons you!
You take 1 damage, and have 38/55 hp.
Spoiler Alert: The orc wizard might cast Slow, Confuse, Throw Flame, Throw Frost, or go Invisible!
You aren't carrying any scrolls.
Spoiler Alert: The orc wizard might cast Slow, Confuse, Throw Flame, Throw Frost, or go Invisible!
You aren't carrying any scrolls.
Spoiler Alert: The orc wizard might cast Slow, Confuse, Throw Flame, Throw Frost, or go Invisible!
You aren't carrying any scrolls.
Spoiler Alert: The orc wizard might cast Slow, Confuse, Throw Flame, Throw Frost, or go Invisible!
You aren't carrying any scrolls.
Spoiler Alert: The orc wizard might cast Slow, Confuse, Throw Flame, Throw Frost, or go Invisible!
Unknown command.
Spoiler Alert: The orc wizard might cast Slow, Confuse, Throw Flame, Throw Frost, or go Invisible!
Unknown command.
Spoiler Alert: The orc wizard might cast Slow, Confuse, Throw Flame, Throw Frost, or go Invisible!
Unknown command.
Spoiler Alert: The orc wizard might cast Slow, Confuse, Throw Flame, Throw Frost, or go Invisible!
You feel very sick.
You take 3 damage, and have 35/55 hp.
Spoiler Alert: The orc wizard might cast Slow, Confuse, Throw Flame, Throw Frost, or go Invisible!
You feel sick.
You take 2 damage, and have 33/55 hp.
Spoiler Alert: The orc wizard might cast Slow, Confuse, Throw Flame, Throw Frost, or go Invisible!
The scorpion attacks as you move away! The scorpion barely misses you.
You feel sick.
You take 2 damage, and have 31/55 hp.
Spoiler Alert: The orc wizard might cast Slow, Confuse, Throw Flame, Throw Frost, or go Invisible!
Spoiler Alert: The orc wizard might cast Slow, Confuse, Throw Flame, Throw Frost, or go Invisible!
Unknown command.
Spoiler Alert: The orc wizard might cast Slow, Confuse, Throw Flame, Throw Frost, or go Invisible!
Unknown command.
Spoiler Alert: The orc wizard might cast Slow, Confuse, Throw Flame, Throw Frost, or go Invisible!
Unknown command.
Spoiler Alert: The orc wizard might cast Slow, Confuse, Throw Flame, Throw Frost, or go Invisible!
The scorpion attacks as you move away! You block the scorpion's attack.
You feel sick.
The hound stops to sniff the ground.
The hound bites you. x2
You take 9 damage, and have 22/55 hp.
Spoiler Alert: The orc wizard might cast Slow, Confuse, Throw Flame, Throw Frost, or go Invisible!
The hound attacks as you move away! The hound closely misses you.
You feel sick. The scorpion stings you.
You are more poisoned.
The scorpion poisons you!
You take 2 damage, and have 20/55 hp.
Spoiler Alert: The orc wizard might cast Slow, Confuse, Throw Flame, Throw Frost, or go Invisible!
You feel very sick. The endoplasm closely misses you.
You block the hound's attack.
You take 3 damage, and have 17/55 hp.
The endoplasm attacks as you move away! The endoplasm barely misses you.
You feel sick. The hobgoblin hits you.
* * * LOW HITPOINT WARNING * * *
You take 3 damage, and have 14/55 hp.
Spoiler Alert: The orc wizard might cast Slow, Confuse, Throw Flame, Throw Frost, or go Invisible!
The hound attacks as you move away! You block the hound's attack.
You feel sick.
The orc wizard gestures at you while chanting.
The magic dart hits you.
* * * LOW HITPOINT WARNING * * *
The hound barely misses you.
You take 8 damage, and have 6/55 hp.
Spoiler Alert: The orc wizard might cast Slow, Confuse, Throw Flame, Throw Frost, or go Invisible!
* * * LOW HITPOINT WARNING * * *
You feel sick.
The kobold throws a stone.
The stone hits you.
* * * LOW HITPOINT WARNING * * *
You take 2 damage, and have 4/55 hp.
Spoiler Alert: The orc wizard might cast Slow, Confuse, Throw Flame, Throw Frost, or go Invisible!
The hobgoblin attacks as you move away! You block the hobgoblin's attack.
* * * LOW HITPOINT WARNING * * *
You feel sick. You block the hound's attack.
You take 1 damage, and have 3/55 hp.
Spoiler Alert: The orc wizard might cast Slow, Confuse, Throw Flame, Throw Frost, or go Invisible!
* * * LOW HITPOINT WARNING * * *
You feel sick.
Spoiler Alert: The orc wizard might cast Slow, Confuse, Throw Flame, Throw Frost, or go Invisible!
* * * LOW HITPOINT WARNING * * *
You feel sick. You block the hound's attack.
There is a stone staircase leading up here.
You take 1 damage, and have 2/55 hp.
Spoiler Alert: The orc wizard might cast Slow, Confuse, Throw Flame, Throw Frost, or go Invisible!
* * * LOW HITPOINT WARNING * * *
You feel sick. The hound bites you but does no damage.
You climb upwards.
You die...

...........#########.######
.###.......#..............#
.###.......#.##....#.####.#
.............#...#.#.# #.#
.....#.....#.#...#.#.# #.#
.....#.....#.#...#.#.# #.#
.....#....####...#.#.# #.#
.....#).........h#.#.# #.#
................@#.#.# #.#
.###......##.###.#.#.# #.#
...'...........#.#.#.####.#
..##........#....#.#.#....#
..###....#..#..#.#.#.#.####
..# #....#..#..#.#.#.#.#
..###....#..#..###.#.#.#
#........'.........#.#.#
#........###########.#.#


You could see a hound.

Vanquished Creatures
  4 adders
  3 worms
  A dart slug (D:1)
  5 orcs (D:3)
  7 ball pythons (D:1)
  7 endoplasms
  4 giant cockroaches
  4 goblins
  6 hobgoblins
  3 quokkas
  4 bats
  7 frilled lizards
  10 kobolds
  6 rats
71 creatures vanquished.

Vanquished Creatures (others)
  A fungus (D:1)
  A plant (D:1)
2 creatures vanquished.

Grand Total: 73 creatures vanquished

Notes
Turn   | Place    | Note
-------+----------+-------------------------------------------
     0 | D:1      | Mgcat the Ogre Fighter began the quest for the Orb.
     0 | D:1      | Reached XP level 1. HP: 24/24 MP: 1/1
   198 | D:1      | Reached XP level 2. HP: 28/32 MP: 2/2
   291 | D:1      | Found a faded altar of an unknown god.
  1013 | D:1      | Reached XP level 3. HP: 40/40 MP: 3/3
  1332 | D:2      | Reached skill level 3 in Dodging
  2065 | D:2      | Reached skill level 3 in Axes
  2180 | D:2      | Reached XP level 4. HP: 49/49 MP: 4/4
  2379 | D:3      | HP: 9/49 [worm (5)]
  3125 | D:3      | Found a blossoming altar of Fedhas.
  3546 | D:4      | Reached XP level 5. HP: 44/55 MP: 5/5
  3548 | D:4      | Noticed an ogre
  3568 | D:4      | HP: 12/55 [poisoned by a scorpion]
  3569 | D:4      | HP: 5/55 [poisoned by a scorpion]
  3572 | D:4      | HP: 2/55 [poisoned by a scorpion]
  3574 | D:3      | Succumbed to a scorpion's poison

Illustrated notes

Levels and vault maps discovered:
D:1:      lightli_arrival_quake, layout_loops_ring,
          shapermc_ecumenical_altar_hornbeckon
D:2:      layout_rooms, nicolae_concentric_dashed_squares_mild,
          grunt_decor_mini_mirrors
D:3:      layout_basic, marbit_many_paths
D:4:      layout_basic, yredelemnul_forgotten_temple_becter,
          mainiacjoe_overflow_chevrons, gup_ossuary_entry_pyramid,
          grunt_ministairs_12

Skill      XL: |  1  2  3 |
---------------+----------+-----
Dodging        | 3 |  3.3
Axes           | 3 |  3.5
Fighting       | |  4.9
Shields        | |  3.5

Action                   |  1- 3 |  4- 6 || total
-------------------------+-------+-------++-------
Melee: War axe           |   117 |       ||   117
       Whip              |    32 |    77 ||   109
  Use: Scroll            |       |     3 ||     3
Armor: Robe              |    65 |    15 ||    80
Dodge: Dodged            |    68 |    24 ||    92
Block: Kite shield       |    54 |    27 ||    81

Table legend: (Time is in decaauts)
 A = Elapsed time spent in this place.
 B = Non-inter-level travel time spent in this place.
 C = Inter-level travel time spent in this place.
 D = Time resting spent in this place.
 E = Time spent auto-exploring this place.
 F = Levels seen in this place.
 G = Mean time per level.
                   A        B        C        D        E       F      G
               +--------+--------+--------+--------+--------+-----+--------+
         Total |   3655 |   3563 |     92 |    825 |   2193 |   4 |  913.8 |
       Dungeon |   3655 |   3563 |     92 |    825 |   2193 |   4 |  913.8 |
               +--------+--------+--------+--------+--------+-----+--------+

Top non-repeatable levels by time:
     D:1: 1555 daAuts
     D:3: 1297 daAuts
     D:2: 764 daAuts
     D:4: 37 daAuts

Table legend:
 A = Kills in this place as a percentage of kills in entire the game.
 B = Kills by you in this place as a percentage of kills by you in the entire game.
 C = Kills by friends in this place as a percentage of kills by friends in the entire game.
 D = Other kills in this place as a percentage of other kills in the entire game.
 E = Experience gained in this place as a percentage of experience gained in the entire game.
 F = Experience gained in this place divided by the number of levels of this place that you have seen.
                   A       B       C       D       E      F
               +-------+-------+-------+-------+-------+----------------------
         Total | 100.0 | 100.0 |   N/A |   N/A | 100.0 |  43.5
       Dungeon | 100.0 | 100.0 |   N/A |   N/A | 100.0 |  43.5
               +-------+-------+-------+-------+-------+----------------------
